 Dungeon Crawl Stone Soup version 0.23.2-33-g5129a83184 (webtiles) character file.

Game seed: 14232520890612065502

1193 psyvane the Conjurer (level 8, -2/61 HPs)
             Began as a Demonspawn Wanderer on July 18, 2019.
             Was a Follower of Nemelex Xobeh.
             Slain by an iguana (4 damage)
             ... on level 6 of the Dungeon on July 19, 2019.
             The game lasted 00:22:55 (7142 turns).

psyvane the Conjurer (Demonspawn Wanderer)          Turns: 7142, Time: 00:22:58

Health: -2/61      AC:  3    Str: 13 (14) XL:     8   Next: 20%
Magic:  4/9        EV: 16    Int: 16 (17) God:    Nemelex Xobeh [*.....]
Gold:   2          SH:  0    Dex: 17 (18) Spells: 3/9 levels left

rFire    . . .     SeeInvis .   s - +0 executioner's axe of Conversion {freeze, Dex+3}
rCold    . . .     Gourm    .   (shield currently unavailable)
rNeg     . . .     Faith    .   d - +0 robe
rPois    .         Spirit   .   E - +0 helmet
rElec    .         Reflect  .   x - scarf {cloud immunity}
rCorr    +         Harm     .   (no gloves)
MR       .....                  (boots unavailable)
Stlth    +++.......             (no amulet)
HPRegen  0.20/turn              n - ring of resist corrosion
MPRegen  0.11/turn              (no ring)

@: agile, flying, very slightly contaminated
A: hooves 3, spiny 1, sturdy frame 2
a: Draw Escape, Draw Destruction, Draw Summoning, Renounce Religion


You were on level 6 of the Dungeon.
You worshipped Nemelex Xobeh.
Nemelex Xobeh was aware of your devotion.
You were not hungry.

You visited 1 branch of the dungeon, and saw 6 of its levels.

You collected 392 gold pieces.
You spent 390 gold pieces at shops.

Inventory:

Hand Weapons
 a - a +0 spear
 e - a +0 dagger
 p - a +0 quarterstaff
 s - the +0 executioner's axe of Conversion (weapon) {freeze, Dex+3}
   (You bought it in a shop on level 5 of the Dungeon)

   It has been specially enchanted to freeze those struck by it, causing extra
   injury to most foes and up to half again as much damage against particularly
   susceptible opponents.
   It can also slow down cold-blooded creatures.
   It affects your dexterity (+3).
Armour
 d - a +0 robe (worn)
 g - a +0 shield
 k - a +0 helmet
 m - a +0 buckler
 x - a scarf of cloud immunity (worn)
 E - a +0 helmet (worn)
Jewellery
 n - a ring of resist corrosion (left hand)
Wands
 r - a wand of clouds (4)
 t - a wand of disintegration (2)
Scrolls
 c - 3 scrolls of remove curse
 q - 5 scrolls of teleportation
 u - a scroll of blinking {unknown}
 v - 2 scrolls of amnesia {unknown}
 w - a scroll of magic mapping {unknown}
 y - a scroll of random uselessness {unknown}
 C - a scroll of enchant weapon {unknown}
Potions
 i - 4 potions of magic
 j - 3 potions of curing
 o - 2 potions of flight
 A - a potion of degeneration
 B - a potion of lignification {unknown}
 D - a potion of might {unknown}
Comestibles
 f - 9 rations
 l - a chunk of flesh


   Skills:
 * Level 4.6 Fighting
 + Level 0.3 Axes
 - Level 1.0 Armour
 - Level 1.7 Stealth
 - Level 4.0 Shields
 - Level 1.0 Spellcasting
 - Level 6.9 Conjurations
 - Level 4.1 Summonings
 - Level 1.6 Evocations


You had 3 spell levels left.
You knew the following spells:

 Your Spells              Type           Power        Failure   Level  Hunger
a - Magic Dart            Conj           ###.         1%          1    ##.....
b - Call Imp              Summ           ##......     6%          2    ###....
c - Static Discharge      Conj/Air       ##......     17%         3    ####...

Your spell library contained the following spells:

 Spells                   Type           Power        Failure   Level  Hunger
 Shock                    Conj/Air       ##..         5%          1    ##.....
 Conjure Flame            Conj/Fire      ##......     17%         3    ####...
 Mephitic Cloud           Conj/Pois/Air  #.......     26%         3    ####...
 Blink                    Tloc           N/A          34%         2    ###....
 Slow                     Hex            #.......     34%         2    ###....


Dungeon Overview and Level Annotations

Branches:
Dungeon (6/15)             Temple (0/1) D:4

Altars:
Ashenzari
Dithmenos
Elyvilon
Hepliaklqana
Makhleb
Nemelex Xobeh
Okawaru
Sif Muna
Yredelemnul
The Shining One

Shops:
D:4 %   D:5 (


Innate Abilities, Weirdness & Mutations

You have hooves in place of feet.
You are partially covered in sharp spines.
Your movements are less encumbered by armour. (ER -4)


Message History

Your white imp is burned terribly!
Your white imp dies!
The necrophage hits your iron imp.
Your iron imp hits something but does no damage.
Your white imp hits the necrophage.
Your white imp freezes the necrophage.
The necrophage resists.
A magic dart appears from out of thin air!
The magic dart hits your iron imp but does no damage.
The necrophage hits your iron imp. The iguana bites you!
* * * LOW HITPOINT WARNING * * *
Your white imp misses the necrophage.
Okay, then.
It was a potion of agility.
You feel agile all of a sudden.
Your iron imp misses something.
Something completely misses your iron imp.
The necrophage hits your iron imp but does no damage.
The iguana bites you.
You die...
Your body disappears without a glow.

####### #.....# .#
#.....###########.#
#....5{..@.........
#...5n###l..#.......
#.....# #.#.........
###n### #......##.#.
#.#####...........
#.....).........#
#######...<.....#
##)#...##.# #.#...#


You could see a necrophage, an iguana, a friendly iron imp and a friendly white
imp.

Vanquished Creatures
  Sigmund (D:3)
  Duvessa (D:4)
  A phantom (D:5)
  A bullfrog (D:6)
  Dowan (D:4)
  2 scorpions (D:5)
  A water moccasin skeleton (D:6)
  A howler monkey (D:5)
  A hound (D:4)
  2 orc priests
  4 orc wizards
  Jessica (D:2)
  Ijyb (D:4)
  A worker ant (D:4)
  7 adders
  A shadow imp (D:5)
  An adder skeleton (D:5)
  2 worms (D:2)
  4 dart slugs
  4 leopard geckos
  8 orcs
  2 ball pythons
  5 giant cockroaches
  6 hobgoblins
  5 jackals (D:3)
  5 kobolds
  6 quokkas
  14 bats
  4 frilled lizards
  5 goblins
  A leopard gecko skeleton (D:4)
  7 rats
106 creatures vanquished.

Vanquished Creatures (collateral kills)
  A scorpion (D:5)
  2 orc wizards (D:3)
  Terence (D:3)
  3 adders (D:5)
  4 orcs (D:4)
  A bat (D:5)
12 creatures vanquished.

Vanquished Creatures (others)
  A leopard gecko (D:5)
  3 fungi (D:5)
4 creatures vanquished.

Grand Total: 122 creatures vanquished

Notes
Turn   | Place    | Note
-------+----------+-------------------------------------------
     0 | D:1      | psyvane the Demonspawn Wanderer began the quest for the
                  | Orb.
     0 | D:1      | psyvane set off with the following items: a +0 spear, a +0
                  | robe, a +0 dagger, a ration; and the following spells
                  | available to memorise: Call Imp, Magic Dart, Shock, Blink,
                  | Slow, Conjure Flame, Mephitic Cloud, Static Discharge
     0 | D:1      | Reached XP level 1. HP: 16/16 MP: 2/2
   698 | D:1      | Learned a level 1 spell: Magic Dart
   719 | D:1      | Gained mutation: You are partially covered in sharp spines.
                  | [demonic ancestry]
   719 | D:1      | Reached XP level 2. HP: 17/23 MP: 0/3
   967 | D:1      | Learned a level 2 spell: Call Imp
  1624 | D:1      | Reached skill level 1 in Conjurations
  1624 | D:1      | Reached XP level 3. HP: 23/29 MP: 4/4
  1973 | D:2      | Noticed Jessica
  1981 | D:2      | Killed Jessica
  1981 | D:2      | Reached skill level 2 in Conjurations
  2492 | D:2      | Found a glowing golden altar of the Shining One.
  2529 | D:2      | Gained mutation: You have large cloven feet. [demonic
                  | ancestry]
  2529 | D:2      | Reached XP level 4. HP: 33/35 MP: 5/5
  3004 | D:2      | Reached skill level 3 in Conjurations
  3147 | D:3      | Noticed Sigmund
  3166 | D:3      | Killed Sigmund
  3166 | D:3      | Reached skill level 5 in Conjurations
  3166 | D:3      | Gained mutation: You have hoof-like feet. [demonic
                  | ancestry]
  3166 | D:3      | Reached XP level 5. HP: 24/41 MP: 6/6
  3383 | D:3      | Found a sparkling altar of Nemelex Xobeh.
  3438 | D:3      | Found a white marble altar of Elyvilon.
  3443 | D:3      | Became a worshipper of Nemelex Xobeh the Trickster
  3463 | D:3      | Found an iron altar of Okawaru.
  3472 | D:3      | Noticed Terence
  3477 | D:3      | Received a gift from Nemelex Xobeh
  3534 | D:3      | Killed Terence
  3534 | D:3      | Gained mutation: Your movements are slightly less
                  | encumbered by armour. (ER -2) [demonic ancestry]
  3534 | D:3      | Reached XP level 6. HP: 47/47 MP: 0/7
  3539 | D:3      | Learned a level 3 spell: Static Discharge
  3600 | D:3      | Found a deep blue altar of Sif Muna.
  4333 | D:4      | Found a staircase to the Ecumenical Temple.
  4357 | D:4      | Noticed Ijyb
  4369 | D:4      | Killed Ijyb
  4451 | D:4      | Found Soreh's Food Boutique.
  4550 | D:4      | Reached skill level 6 in Conjurations
  4669 | D:4      | Noticed Duvessa
  4693 | D:4      | Killed Duvessa
  4693 | D:4      | Reached skill level 1 in Shields
  4693 | D:4      | Reached skill level 1 in Evocations
  4693 | D:4      | Gained mutation: You have hooves in place of feet. [demonic
                  | ancestry]
  4693 | D:4      | Reached XP level 7. HP: 17/52 MP: 1/8
  4694 | D:4      | Noticed Dowan
  4700 | D:4      | Killed Dowan
  5178 | D:4      | Found a hazy altar of Hepliaklqana.
  5575 | D:5      | Entered Level 5 of the Dungeon
  6040 | D:5      | Found a shadowy altar of Dithmenos.
  6078 | D:5      | Found a shattered altar of Ashenzari.
  6174 | D:5      | Found Gif Fur's Antique Weapon Emporium.
  6185 | D:5      | Found a basalt altar of Yredelemnul.
  6575 | D:5      | Gained mutation: Your movements are less encumbered by
                  | armour. (ER -4) [demonic ancestry]
  6575 | D:5      | Reached XP level 8. HP: 43/60 MP: 6/9
  6727 | D:5      | Reached * piety under Nemelex Xobeh
  6794 | D:5      | Found a burning altar of Makhleb.
  6850 | D:5      | Bought a warped executioner's axe for 390 gold pieces
  6850 | D:5      | Identified the cursed +0 executioner's axe of Conversion
                  | {freeze, Dex+3} (You bought it in a shop on level 5 of the
                  | Dungeon)
  7141 | D:6      | HP: 2/61 [iguana (10)]
  7142 | D:6      | Slain by an iguana

Skill      XL: |  1  2  3  4  5  6  7  8 |
---------------+-------------------------+-----
Fighting       | 3 4 |  4.6
Conjurations   | 1 2 5 6 |  6.9
Shields        | 1 4 |  4.0
Evocations     | 1 |  1.6
Axes           | |  0.3
Armour         | |  1.0
Stealth        | |  1.7
Spellcasting   | |  1.0
Summonings     | |  4.1

Action                   |  1- 3 |  4- 6 |  7- 9 || total
-------------------------+-------+-------+-------++-------
Melee: Spear             |    85 |       |       ||    85
       Quarterstaff      |     4 |    55 |    35 ||    94
       Kick              |       |     8 |     9 ||    17
       Executioner's axe |       |       |    11 ||    11
 Cast: Magic Dart        |    25 |    11 |     9 ||    45
       Call Imp          |       |    15 |    18 ||    33
 Abil: Draw Destruction  |       |       |     6 ||     6
       Draw Escape       |       |       |     3 ||     3
Evoke: Wand              |       |     5 |     6 ||    11
  Use: Scroll            |     2 |       |     5 ||     7
       Potion            |       |     1 |     4 ||     5
 Stab: Sleeping          |     2 |     1 |     2 ||     5
  Eat: Chunk             |     6 |     8 |    10 ||    24
Armor: Robe              |    15 |     7 |     8 ||    30
Dodge: Dodged            |    48 |    29 |    41 ||   118
